[Event "Moscow Tal Memorial 6th"]
[Site "Moscow"]
[Date "2011.11.25"]
[Round "9"]
[White "Svidler, Peter"]
[Black "Kramnik, Vladimir"]
[Result "1-0"]
[ECO "A13"]
[WhiteElo "2755"]
[BlackElo "2800"]
[Annotator "Ramirez Alvarez,A"]
[PlyCount "81"]
[EventDate "2011.11.16"]
[EventType "tourn"]
[EventRounds "9"]
[EventCountry "RUS"]
[EventCategory "22"]
[SourceTitle "CBM 146"]
[Source "ChessBase"]
[SourceDate "2012.01.18"]
[SourceVersion "1"]
[SourceVersionDate "2012.01.18"]
[SourceQuality "1"]
[TimeControl "6000+30"]

1. Nf3 d5 2. c4 e6 3. g3 dxc4 4. Qa4+ Nd7 5. Bg2 a6 6. Qxc4 b5 7. Qb3 (7. Qc2 {
is far more common. The entire line is not supposed to be terribly dangerous
for Black, who will achieve a quick c5 and supposedly equalise. White doesn't
score very well after 7.Qc2}) 7... Bb7 8. O-O Ngf6 9. Nc3 Be7 10. d3 O-O 11. a4
b4 12. Nb1 {Black can't really complain about the result of the opening. His
pieces are active, and although he has a few holes his activity should
compensate for it.} Nc5 13. Qc2 e5 $5 {And the tactics begin. It was also
possible to simply play 14...Rb8 and hold the position, but I guess Kramnik
felt a certain bloodthirstiness.} (13... Rb8 14. Nbd2 b3 $11 {and Black's
position looks good.}) 14. Be3 (14. Nxe5 $2 Bxg2 15. Kxg2 Qd5+ 16. Nf3 Nb3 $19)
14... e4 {Forced, really.} (14... Nfd7 15. Nbd2 {[%csl Rb4,Gc4,Re5][%cal Gd2c4,
Gf1c1,Yc1c7] would hardly justify so many weaknesses.}) 15. Bxc5 Bxc5 (15...
exf3 16. Bxe7 Qxe7 17. exf3 Rad8 $14 {gives Black some compensation for the
pawn but I doubt it's something to be seriously considered.}) 16. dxe4 Nxe4 17.
Nfd2 (17. Nbd2 {probably would've forced Black into transposing into the note
below.}) 17... Bxf2+ $5 (17... Nxd2 18. Nxd2 Bxg2 19. Kxg2 Re8 {was still
relatively ok for Black, but the simplifications have allowed White to
basically retain a superior structure and Black will suffer for a while.
Kramnik had no such intentions.}) 18. Rxf2 Nxf2 19. Bxb7 Ng4 20. Nf3 Rb8 {
So in this position Black is down two pieces for a rook and a pawn, but he is
hoping his initiative, combined with the weak squares around the white king,
will provide compensation. Svidler, however, starts defending masterfully.} 21.
Bxa6 (21. Be4 f5 22. Bd3 Qf6 $13 {/\Qb6}) 21... Qf6 22. Bd3 Qb6+ 23. Kh1 Nf2+ (
23... Rfe8 24. a5 Qf2 25. Qc1 (25. Nbd2 Ne3 $19 ) 25...
Rxe2 26. Bxe2 Qxe2 27. Nbd2 {is another draw with the Nf2-h3 perpetual.}) 24.
Kg2 Nxd3 {Trading the N for the B is risky. In many cases Black could always
rely on invading on the 2nd rank and giving a perpetual with the N, as we saw
in some variations. However, without this resource, Black is entirely relying
on the lack of activity of the white Ns, and the vulnerable position of the
king, especially of the invasion point e2. If this is somehow patched up, the
extra material and the passed pawn on the a-file will simply overwhelm Black.}
(24... Ng4 {Repeating moves was possible, as it seems that White can't get out
of it.} 25. Kh1 {is perfectly possible if White is satisfied with a draw.} (25.
Qc1 {is like the only other move that is logical to thwart the Ne3+ threat.}
Rbd8 $1 26. Nbd2 Rxd3 27. exd3 Re8 {Black has a seemingly very powerful attack,
since there is no good way of meeting Re2+, however it seems like there is no
immediate deadly threat either.} 28. a5 Re2+ 29. Kh1 Nf2+ 30. Kg1 Qe3 31. Qxc7
$11 {and there seems to be no checkmate, just a perpetual. However I highly
doubt any human would willingly go into this line instead of just playing 25.
Kh1.})) 25. exd3 Rfe8 {Black has lost yet a little more material, but this
time White's position actually looks very dangerous. For starters, he can't
develop his queenside, which seems to allow Black a huge initiative, however
Svidler has an ace up his sleeve.} 26. a5 $1 {This passed pawn will be the key
of White's defence. By ramming it forward, he intends to tie down the black
rooks, allowing him to comfortably develop and eventually exploit his material
advantage.} Qf6 27. Qf2 (27. Kf2 $1 {covering e2 with the K was an interesting
alternative, as this immediately threatens Nbd2.} Rb5 (27... g5 $5 28. g4 h5
29. h3 {surprisingly doesn't help Black.} hxg4 30. hxg4 Qe6 31. Nbd2 $1 Qe2+
32. Kg1 Qe3+ 33. Kg2 Qe2+ 34. Kg3 Re3 35. Rf1 $16 {and White holds, Black will
be pushed back rather soon.}) 28. Nbd2 Rf5 29. a6 Qb6+ 30. Kf1 $14 {and
without a way of creating direct threats, it would seem that White is just
better.}) 27... Rbd8 28. Ra4 c5 (28... Rxd3 29. Rxb4 {Kramnik might have been
reluctant to go into this line because it gives White the extra possibility of
Nc3, which covers pretty vital squares, however the game is opened which
favours the rooks and the a5-pawn falls, which is the key.} Qa6 30. Nc3 (30.
Ra4 $2 Rde3 $17) 30... Qxa5 $11 {with enough for at least equality, but it is
doubtful that there ismuch more than that.}) 29. a6 Rxd3 30. a7 Qc6 {Black has
recovered a pawn, and now he has obvious pressure. The a7-pawn looks dangerous
but for the moment it is not going anywhere.} 31. Ra5 Qa8 (31... Rxf3 {
guaranteed a draw, however it wasn't easy to see, and Black is still pushing
for that win.} 32. Qxf3 Re2+ 33. Kh3 $2 (33. Kg1 Re1+ 34. Kf2 Rf1+ 35. Kxf1
Qxf3+ 36. Ke1 Qe3+ 37. Kd1 Qf3+ $11) 33... Qh6+ 34. Kg4 Qe6+ {and White will
get mated.}) 32. Nbd2 Rde3 $2 {But this is too much. It was imperative to take
the a7-pawn while he still could.} (32... Rd7 33. Nc4 Rxa7 34. Rxc5 Rae7 35.
Ra5 $11 {and Black has some ugly threats, but White should be ok.}) 33. Nc4 $1
{A wonderful and not so obvious move. It gives White a huge advantage. Kramnik
must have missed this.} R3e6 (33... Re2 $2 34. Nb6 Rxf2+ 35. Kxf2 {is a
fantastic position. Black has some annoying checks but nothing near a
perpetual, much less mate, and he loses by force.} Qe4 36. a8=Q Qc2+ 37. Kg1
Qd1+ 38. Kg2 Qe2+ 39. Kh1 $18 {and the checks have run out, as the N will
cover on g1.}) 34. Kg1 f6 (34... Rf6 {fails to} 35. Nce5 $1 Rxe5 (35... g6 36.
Ra1 c4 37. Qg2 {is also ugly.}) 36. Nxe5 Rxf2 37. Kxf2 g5 38. Nc4 $1 g4 39. Kg1
$1 {Black is lost.}) 35. Ncd2 {As opposed to so many different positions that
we reached in variations, the a-pawn here is alive and healthy, and a major
thorn in Black's position. Black is simply stuck defending against it and
meanwhile the Ns will roam freely.} c4 (35... Rc8 36. Qf1 $1 $16) 36. Nxc4 Qe4
37. Nd4 $1 $18 {White has no reason to be passive anymore. His Ns dominate the
board, and he has every single plus in the position. Black's position is
hopeless.} R6e7 38. Nd6 Qb1+ 39. Kg2 Ra8 40. Qf3 Raxa7 41. Qa8+ {A cute finish
to a solid game by Svidler. He bravely took material and defended in great
fashion. Black should have bailed out when he had a chance, but as they say,
hindsight is 20/20 vision.} 1-0